 Dungeon Crawl Stone Soup version 0.28-a0-503-g83f2989fac (webtiles) character file.

Game seed: 12215818817559516009

27 spiderkeys the Skirmisher (level 3, -2/35 HPs)
             Began as a Gnoll Abyssal Knight on Sept 21, 2021.
             Was a Follower of Lugonu.
             Slain by a large abomination (12 damage)
             ... on level 2 of the Abyss.
             The game lasted 00:01:13 (194 turns).

spiderkeys the Skirmisher (Gnoll Abyssal Knight)     Turns: 194, Time: 00:01:13

Health: -2/35      AC:  6    Str: 13    XL:     3   Next: 10%
Magic:  6/6        EV: 11    Int:  9    God:    Lugonu [*.....]
Gold:   31         SH:  0    Dex: 12    Spells: 3/3 levels left

rFire   . . .      SeeInvis .   f - +0 broad axe
rCold   . . .      Faith    .   (no shield)
rNeg    . . .      Spirit   .   c - +0 ring mail
rPois   .          Reflect  .   (no helmet)
rElec   .          Harm     .   (no cloak)
rCorr   .          Rampage  .   (no gloves)
Will    .....                   (no boots)
Stlth   +.........              (no amulet)
HPRegen 0.11/turn               (no ring)
MPRegen 0.10/turn               (no ring)

@: no status effects
A: fangs 1, strong nose, distributed training
a: Renounce Religion, Depart the Abyss


You were on level 2 of the Abyss.
You worshipped Lugonu.
Lugonu was aware of your devotion.
You visited 0 branches of the dungeon, and saw 0 of its levels.
You visited the Abyss 1 time.

You collected 31 gold pieces.


Innate Abilities, Weirdness & Mutations

You have very sharp teeth.
Your uncanny sense of smell can sniff out nearby items.
Your experience applies equally to all skills.


   Skills:
 + Level 6.5 Fighting
 + Level 0.6 Short Blades
 + Level 0.6 Long Blades
 + Level 0.6 Axes
 + Level 0.6 Maces & Flails
 + Level 4.5 Polearms
 + Level 0.6 Staves
 + Level 0.6 Slings
 + Level 0.6 Bows
 + Level 0.6 Crossbows
 + Level 0.6 Throwing
 + Level 4.5 Armour
 + Level 2.5 Dodging
 + Level 0.6 Stealth
 + Level 0.6 Shields
 + Level 0.6 Unarmed Combat
 + Level 0.6 Spellcasting
 + Level 0.4 Conjurations
 + Level 0.4 Hexes
 + Level 0.4 Summonings
 + Level 0.4 Necromancy
 + Level 0.4 Translocations
 + Level 0.4 Transmutations
 + Level 0.4 Fire Magic
 + Level 0.4 Ice Magic
 + Level 0.4 Air Magic
 + Level 0.4 Earth Magic
 + Level 0.4 Poison Magic
 + Level 4.5 Invocations
 + Level 0.6 Evocations


You had 3 spell levels left.
You didn't know any spells.
Your spell library was empty.

Inventory:

Hand Weapons
 a - a +1 spear
 f - a +0 broad axe (weapon)
   (You found it on level 2 of the Abyss)
Missiles
 e - 19 stones
Armour
 b - a +0 leather armour
 c - a +0 ring mail (worn)
   (You found it on level 1 of the Abyss)

Dungeon Overview and Level Annotations

Branches:
Dungeon (0/15)

Altars:

.. ##. .# ###
##.. #.. ..#...
..##§..§# ###.
#§§..#§##... .
#§X@h§..#...
###X§#.## #
#§§#.##.#
#§§§#...#
#.#...####. .
#..#..#..#..#
.#..##...#... #
....###.....#..#
.# ....#.#. #.


You could see 2 large abominations and a raiju.


Message History

🤖 Initializing magus.rc ...
Options error: Delay interrupt name "hungry" not recognised. (~/.crawlrc:4988) ✅ Successfully initialized magus.rc [v1.9.10] Welcome, spiderkeys the Gnoll Abyssal Knight.
It is said that the Orb of Zot exists deep within this dungeon.
Lugonu says: Depart the Abyss and spread corruption, my servant! (use the ability menu to exit the Abyss) Press ? for a list of commands and other information.
Found a corrupted altar of Lugonu.
You now have 7 gold pieces.
Found a gateway leading out of the Abyss.
There is a gateway leading out of the Abyss here.
You see here a +0 ring mail.
You see here a +0 ring mail.
c - a +0 ring mail
Okay, then.
You start removing your armour.
You continue taking off your +0 leather armour. x4
You finish taking off your +0 leather armour.
You start putting on your armour.
You continue putting on your +0 ring mail. x5
You finish putting on your +0 ring mail.
Found a gateway leading deeper into the Abyss.
There is a gateway leading deeper into the Abyss here.
A jelly comes into view.
The jelly quivers.
The jelly barely misses you. The jelly barely misses you.
There is a gateway leading deeper into the Abyss here.
You plunge deeper into the Abyss.
d - a scroll labelled QAURHUAPSE You now have 31 gold pieces (gained 24).
You see here a +0 broad axe.
e - 19 stones You see here a +0 broad axe.
f - a +0 broad axe
f - a +0 broad axe (weapon)
A thrashing horror comes into view.
An iron imp comes into view.
The iron imp shouts, "Run away, thou clouted hasty-witted pignut!"
Unknown command.
You barely miss the iron imp. The iron imp hits you. 😕 HP[-3]
You take 3 damage, and now have 20/23 hp.
You slash the iron imp! The iron imp barely misses you. The iron imp hits you!
* * * LOW HITPOINT WARNING * * *
😨 HP[-9]
You take 9 damage, and now have 11/23 hp.
MASSIVE DAMAGE!! (PAUSE)
You hit the iron imp but do no damage. The iron imp hits you.
* * * LOW HITPOINT WARNING * * *
😱 HP[-6]
You take 6 damage, and now have 5/23 hp.
MASSIVE DAMAGE!! (PAUSE)
You hit the iron imp but do no damage. The iron imp closely misses you.
You slash the iron imp!
You kill the iron imp!
You have reached level 2!
You have reached level 3!
Your experience leads to an increase in your attributes!
Increase (S)trength, (I)ntelligence, or (D)exterity?
You feel stronger. 😱 HP[+3] MP[+3]
You now have 35 max hp (+12).
You regained 3 hp, and now have 8/35 hp.
Your mp is fully restored (6).
The substance of the Abyss twists violently, and a gateway leading out appears!
There is a gateway leading out of the Abyss here. 😨 HP[+1]
A large abomination comes into view.
A large abomination comes into view.
You see here a scroll labelled NIROEKHL YTSITE. 😨 HP[+1]
As you read the scroll labelled NIROEKHL YTSITE, it crumbles to dust.
The scroll dissolves into smoke.
It was a scroll of fog.
As you read the scroll labelled QAURHUAPSE, it crumbles to dust.
You hear a loud clanging noise!
It was a scroll of noise.
You hear a shout! x2; You hear a bark!
You hear a bellow!
You hear a bark!
You hear a roar!
The large abomination barely misses you.
The raiju closely misses you. The large abomination hits you!
You die...

Action                   || total
-------------------------++-------
Melee: Broad axe         ||     5
  Use: Scroll            ||     2
Dodge: Dodged            ||     6

Levels and vault maps discovered:
Abyss:2:  base: Temple, evilmike_abyss_exit_chaos, hangedman_steaming_rock

Notes
Turn   | Place    | Note
-------+----------+-------------------------------------------
     0 | Abyss:1  | spiderkeys the Gnoll Abyssal Knight began the quest for the
                  | Orb.
     0 | Abyss:1  | Reached XP level 1. HP: 23/23 MP: 3/3
     0 | Abyss:1  | magus.rc [v1.9.10]
   103 | Abyss:1  | Noticed a jelly
   156 | Abyss:2  | Noticed a thrashing horror
   167 | Abyss:2  | Noticed an iron imp
   174 | Abyss:2  | HP: 5/23 [iron imp (6)]
   176 | Abyss:2  | Killed an iron imp
   177 | Abyss:2  | Reached XP level 2. HP: 6/29 MP: 5/5
   177 | Abyss:2  | Reached XP level 3. HP: 8/35 MP: 6/6
   183 | Abyss:2  | Noticed a large abomination
   190 | Abyss:2  | Noticed a raiju
   191 | Abyss:2  | Noticed a large abomination
   194 | Abyss:2  | Slain by a large abomination

Vanquished Creatures
  An iron imp (Abyss:2)
1 creature vanquished.

Table legend:
 A = Non-vault XP
 B = Vault XP
 C = Vault XP percentage of total XP
 D = Non-vault monster count
 E = Vault monster count
 F = Vault count percentage of total count
                 A         B        C        D         E       F
            +---------+---------+-------+---------+---------+-------
      Total |      39 |       0 |   0.0 |       1 |       0 |   0.0
            +---------+---------+-------+---------+---------+-------
    Abyss:2 |      39 |       0 |   0.0 |       1 |       0 |   0.0
            +---------+---------+-------+---------+---------+-------

Illustrated notes

Table legend:
 A = Kills in this place as a percentage of kills in entire the game.
 B = Kills by you in this place as a percentage of kills by you in the entire game.
 C = Kills by friends in this place as a percentage of kills by friends in the entire game.
 D = Other kills in this place as a percentage of other kills in the entire game.
 E = Experience gained in this place as a percentage of experience gained in the entire game.
 F = Experience gained in this place divided by the number of levels of this place that you have seen.
                   A       B       C       D       E      F
               +-------+-------+-------+-------+-------+----------------------
         Total | 100.0 | 100.0 |   N/A |   N/A | 100.0 |  19.5
         Abyss | 100.0 | 100.0 |   N/A |   N/A | 100.0 |  19.5
               +-------+-------+-------+-------+-------+----------------------

Table legend: (Time is in decaauts)
 A = Elapsed time spent in this place.
 B = Non-inter-level travel time spent in this place.
 C = Inter-level travel time spent in this place.
 D = Time resting spent in this place.
 E = Time spent auto-exploring this place.
 F = Levels seen in this place.
 G = Mean time per level.
                   A        B        C        D        E       F      G
               +--------+--------+--------+--------+--------+-----+--------+
         Total |    196 |    196 |      0 |      0 |     41 |   2 |   98.0 |
         Abyss |    196 |    196 |      0 |      0 |     41 |   2 |   98.0 |
               +--------+--------+--------+--------+--------+-----+--------+

Top non-repeatable levels by time:
 Abyss:1: 121 daAuts
 Abyss:2: 75 daAuts
